 Dungeon Crawl Stone Soup version 0.22-a0-231-g1b571ea (webtiles) character file.

146 tidbits the Insei (level 5, 0/40 HPs)
             Began as a Gnoll Transmuter on Feb 20, 2018.
             Succumbed to an adder's poison
             ... on level 3 of the Dungeon.
             The game lasted 00:03:50 (293 turns).

tidbits the Insei (Gnoll Transmuter)                 Turns: 293, Time: 00:03:51

Health: 0/40       AC:  3    Str: 13    XL:     5   Next: 28%
Magic:  6/12       EV: 15    Int: 16    God:
Gold:   47         SH:  0    Dex: 15    Spells: 6/14 levels left

rFire    . . .     SeeInvis .     - Unarmed
rCold    . . .     Gourm    .   (no shield)
rNeg     . . .     Faith    .   b - +0 robe
rPois    .         Spirit   .   E - +0 helmet
rElec    .         Reflect  .   (no cloak)
rCorr    .         Harm     .   (no gloves)
MR       .....                  (no boots)
Stlth    ++........             (no amulet)
HPRegen  0.13/turn              (no ring)
MPRegen  0.13/turn              (no ring)

@: lethally poisoned (0 -> -7), very slightly contaminated, invisible
A: distributed training, fangs 1, strong nose
a: no special abilities


You were on level 3 of the Dungeon.
You were not hungry.

You visited 1 branch of the dungeon, and saw 4 of its levels.

You collected 47 gold pieces.

Inventory:

Hand Weapons
 f - a +0 dagger
 g - a +0 dagger
 h - a +0 hunting sling
Missiles
 a - 24 arrows
 i - 15 stones (quivered)
Armour
 b - a +0 robe (worn)
 E - a +0 helmet (worn)
Scrolls
 d - a scroll of immolation {unknown}
 j - a scroll of teleportation {unknown}
Comestibles
 c - 2 rations


   Skills:
 + Level 2.9 Fighting
 + Level 1.4 Short Blades
 + Level 1.4 Long Blades
 + Level 1.4 Axes
 + Level 1.4 Maces & Flails
 + Level 1.4 Polearms
 + Level 1.4 Staves
 + Level 1.4 Slings
 + Level 1.4 Bows
 + Level 1.4 Crossbows
 + Level 1.4 Throwing
 + Level 1.4 Armour
 + Level 4.7 Dodging
 + Level 1.4 Stealth
 + Level 1.4 Shields
 + Level 6.6 Unarmed Combat
 + Level 5.1 Spellcasting
 + Level 1.1 Conjurations
 + Level 1.1 Hexes
 + Level 1.1 Charms
 + Level 1.1 Summonings
 + Level 1.1 Necromancy
 + Level 1.1 Translocations
 + Level 3.9 Transmutations
 + Level 1.1 Fire Magic
 + Level 1.1 Ice Magic
 + Level 1.1 Air Magic
 + Level 1.1 Earth Magic
 + Level 1.1 Poison Magic
 + Level 1.5 Invocations
 + Level 1.4 Evocations


You had 6 spell levels left.
You knew the following spells:

 Your Spells              Type           Power        Failure   Level  Hunger
e - Beastly Appendage     Tmut           ###...       3%          1    None
k - Sticks to Snakes      Tmut           ###.....     4%          2    #......
n - Animate Skeleton      Necr           N/A          10%         1    None
p - Spider Form           Tmut/Pois      ##........   16%         3    ###....
A - Apportation           Tloc           #.....       10%         1    None


Dungeon Overview and Level Annotations

Branches:
Dungeon (4/15)
 Temple: D:4-7

Altars:


Innate Abilities, Weirdness & Mutations

Your experience applies equally to all skills.
You have very sharp teeth.
Your uncanny sense of smell can sniff out nearby items.


Message History

You add the spell Summon Small Mammal to your library.
You add the spell Apportation to your library.
Memorise Animate Skeleton, consuming 1 spell level and leaving 7?
You start memorising the spell.
You continue memorising.
You finish memorising.
Spell assigned to 'n'.
Memorise Apportation, consuming 1 spell level and leaving 6?
You start memorising the spell.
You continue memorising.
You finish memorising.
Spell assigned to 'A'.
Found a stone staircase leading up.
A hobgoblin comes into view. It is wielding a club.
An adder comes into view.
A bat comes into view.
You see here 15 gold pieces.
You now have 47 gold pieces (gained 15).
The adder hisses angrily.
Casting: Beastly Appendage (safe; 3% risk of failure)
Confirm with . or Enter, or press ? or * to list all spells.
You turn into a venomous arachnid creature.
Your +0 helmet melds into your body.
Your +0 robe melds into your body.
A goblin comes into view.
Casting: Spider Form (safe; 34% risk of failure)
Confirm with . or Enter, or press ? or * to list all spells.
You create a snake!
You now have 24 arrows.
The goblin shouts!
The bat moves out of view.
The hobgoblin hits your ball python with a club.
The bat misses you. x2; The hobgoblin misses your ball python.
Your ball python barely misses the hobgoblin. x2
You barely miss the bat. The bat closely misses you.
The hobgoblin hits your ball python with a club.
Your ball python dies!
The bat barely misses you.
You barely miss the bat. The bat completely misses you.
The adder completely misses you.
You hit the adder.
The adder is poisoned.
The adder is moderately wounded.
The adder misses you. The hobgoblin closely misses you.
You barely miss the adder.
The adder is moderately wounded.
The adder bites you.
You are poisoned.
The adder poisons you!
You hit the adder.
The adder looks as sick as possible!
The adder is severely wounded.
You feel sick. The hobgoblin closely misses you. The adder bites you.
* * * LOW HITPOINT WARNING * * *
You are lethally poisoned!
The adder poisons you!
You hit the adder.
You kill the adder!
* * * LOW HITPOINT WARNING * * *
You feel sick. The hobgoblin hits you with a club.
* * * LOW HITPOINT WARNING * * *
You hit the hobgoblin.
You kill the hobgoblin!
* * * LOW HITPOINT WARNING * * *
You feel sick. The bat completely misses you.
You hit the goblin but do no damage.
The goblin is poisoned.
* * * LOW HITPOINT WARNING * * *
You feel sick. The bat hits you.
* * * LOW HITPOINT WARNING * * *
The goblin drinks a potion.
The goblin seems to speed up.
Your transformation is almost over.
* * * LOW HITPOINT WARNING * * *
You feel sick. The bat closely misses you. The goblin completely misses you.
The goblin hits you.
* * * LOW HITPOINT WARNING * * *
Things that are here:
a club; a hobgoblin corpse You hit the goblin.
You kill the goblin!
* * * LOW HITPOINT WARNING * * *
You feel sick. The bat misses you.
* * * LOW HITPOINT WARNING * * *
You feel sick. The bat completely misses you. The bat closely misses you.
You closely miss the bat.
* * * LOW HITPOINT WARNING * * *
You feel sick. The bat hits you but does no damage.
You hit the bat.
The bat is poisoned.
The bat is heavily wounded.
* * * LOW HITPOINT WARNING * * *
You feel sick.
You kill the bat!
It was a potion of invisibility.
You fade into invisibility!
* * * LOW HITPOINT WARNING * * *
You feel sick.
You are very lightly contaminated with residual magic.
A rat comes into view.
* * * LOW HITPOINT WARNING * * *
You feel sick.
You see here an adder corpse.
* * * LOW HITPOINT WARNING * * *
You feel sick.
Found 15 gold pieces.
* * * LOW HITPOINT WARNING * * *
You feel sick.
Your transformation has ended.
Your +0 helmet unmelds from your body.
Your +0 robe unmelds from your body.
You die...

[...........# .. ##.
#.......>.†...
..##..####..#.......†...
...........##...........
...........##...##.#....
...........##>.....†<...
...............###......
...........###..........
#.....<@...#######......
#..........r......#.....
.#####.#†##.$#.........<
#.).## ............
###..# ......[....
..####.## ..........
#....#..###..........
#.................
###...............


You could see a rat (sleeping).

Vanquished Creatures
  A hound (D:4)
  Jessica (D:2)
  Robin (D:3)
  4 adders (D:3)
  A leopard gecko (D:3)
  3 bats
  A giant cockroach (D:2)
  13 goblins
  6 hobgoblins
  2 jackals (D:3)
  A quokka (D:3)
  2 frilled lizards (D:1)
  2 rats
38 creatures vanquished.

Vanquished Creatures (collateral kills)
  A worm (D:3)
1 creature vanquished.

Grand Total: 39 creatures vanquished

Notes
Turn   | Place    | Note
-------+----------+-------------------------------------------
     0 | D:1      | tidbits the Gnoll Transmuter began the quest for the Orb.
     0 | D:1      | Reached XP level 1. HP: 17/17 MP: 6/6
    50 | D:1      | Reached XP level 2. HP: 23/23 MP: 5/7
    55 | D:1      | Learned a level 2 spell: Sticks to Snakes
    79 | D:2      | Noticed Jessica
    86 | D:2      | Killed Jessica
    86 | D:2      | Reached skill level 5 in Spellcasting
    86 | D:2      | Reached XP level 3. HP: 12/28 MP: 6/9
    92 | D:2      | Learned a level 3 spell: Spider Form
   107 | D:3      | Reached skill level 1 in Invocations
   124 | D:3      | Reached skill level 1 in Short Blades
   124 | D:3      | Reached skill level 1 in Long Blades
   124 | D:3      | Reached skill level 1 in Axes
   124 | D:3      | Reached skill level 1 in Maces & Flails
   124 | D:3      | Reached skill level 1 in Polearms
   124 | D:3      | Reached skill level 1 in Staves
   124 | D:3      | Reached skill level 1 in Slings
   124 | D:3      | Reached skill level 1 in Bows
   124 | D:3      | Reached skill level 1 in Crossbows
   124 | D:3      | Reached skill level 1 in Throwing
   124 | D:3      | Reached skill level 1 in Armour
   124 | D:3      | Reached skill level 1 in Stealth
   124 | D:3      | Reached skill level 1 in Shields
   124 | D:3      | Reached skill level 1 in Evocations
   124 | D:3      | Reached XP level 4. HP: 21/34 MP: 0/11
   149 | D:4      | Reached skill level 1 in Conjurations
   149 | D:4      | Reached skill level 1 in Hexes
   149 | D:4      | Reached skill level 1 in Charms
   149 | D:4      | Reached skill level 1 in Summonings
   149 | D:4      | Reached skill level 1 in Necromancy
   149 | D:4      | Reached skill level 1 in Translocations
   149 | D:4      | Reached skill level 1 in Fire Magic
   149 | D:4      | Reached skill level 1 in Ice Magic
   149 | D:4      | Reached skill level 1 in Air Magic
   149 | D:4      | Reached skill level 1 in Earth Magic
   149 | D:4      | Reached skill level 1 in Poison Magic
   173 | D:3      | Noticed Robin
   180 | D:3      | Killed Robin
   180 | D:3      | Reached XP level 5. HP: 11/40 MP: 2/12
   263 | D:3      | Learned a level 1 spell: Animate Skeleton
   265 | D:3      | Learned a level 1 spell: Apportation
   288 | D:3      | HP: 4/40 [poisoned by an adder]
   292 | D:3      | HP: 1/40 [poisoned by an adder]
   293 | D:3      | Succumbed to an adder's poison

Vault maps used:
D:1:      dpeg_arrival_subterranean_lakeside_camping
D:2:      nemelex_xobeh_ov_fountains_minmay, nicolae_overflow_crystal_walls,
          tgw_trog, first_ration, uniq_jessica, uniq_terence
D:3:      uniq_natasha, uniq_robin, uniq_crazy_yiuf_cottage
D:4:      old_standard_altar, hangedman_decor_lopped, uniq_edmund

Skill      XL: |  1  2  3  4 |
---------------+-------------+-----
Spellcasting   | 5 |  5.1
Invocations    | 1 |  1.5
Short Blades   | 1 |  1.4
Long Blades    | 1 |  1.4
Axes           | 1 |  1.4
Maces & Flails | 1 |  1.4
Polearms       | 1 |  1.4
Staves         | 1 |  1.4
Slings         | 1 |  1.4
Bows           | 1 |  1.4
Crossbows      | 1 |  1.4
Throwing       | 1 |  1.4
Armour         | 1 |  1.4
Stealth        | 1 |  1.4
Shields        | 1 |  1.4
Evocations     | 1 |  1.4
Conjurations   | 1 |  1.1
Hexes          | 1 |  1.1
Charms         | 1 |  1.1
Summonings     | 1 |  1.1
Necromancy     | 1 |  1.1
Translocations | 1 |  1.1
Fire Magic     | 1 |  1.1
Ice Magic      | 1 |  1.1
Air Magic      | 1 |  1.1
Earth Magic    | 1 |  1.1
Poison Magic   | 1 |  1.1
Fighting       | |  2.9
Dodging        | |  4.7
Unarmed Combat | |  6.6
Transmutations | |  3.9

Action                   |  1- 3 |  4- 6 || total
-------------------------+-------+-------++-------
Melee: Unarmed           |    29 |    42 ||    71
       Kick              |     1 |     1 ||     2
       Bite              |     1 |       ||     1
 Cast: Beastly Appendage |     4 |     2 ||     6
       Spider Form       |     2 |     3 ||     5
       Sticks to Snakes  |     2 |     2 ||     4
  Use: Potion            |     1 |     1 ||     2
Armor: Robe              |     2 |     2 ||     4
       Skin              |       |     2 ||     2
Dodge: Dodged            |    20 |    34 ||    54

Table legend:
 A = Spawn XP
 B = Non-spawn XP
 C = Spawn XP percentage of total XP
 D = Spawn monster count
 E = Non-spawn monster count
 F = Spawn count percentage of total count
 G = Total turns spent on level
                    A         B        C        D         E        F      G
               +---------+---------+-------+---------+---------+-------+---------
         Total |       0 |     209 |   0.0 |       0 |      39 |   0.0 |   293
               +---------+---------+-------+---------+---------+-------+---------
           D:1 |       0 |      13 |   0.0 |       0 |       8 |   0.0 |    76
           D:2 |       0 |      41 |   0.0 |       0 |       3 |   0.0 |    26
           D:3 |       0 |     112 |   0.0 |       0 |      27 |   0.0 |   174
           D:4 |       0 |      43 |   0.0 |       0 |       1 |   0.0 |    17
               +---------+---------+-------+---------+---------+-------+---------

Table legend:
 A = Turns spent in this place as a percentage of turns spent in the entire game.
 B = Non-inter-level travel turns spent in this place as a percentage of non-inter-level travel turns spent in the entire game.
 C = Inter-level travel turns spent in this place as a percentage of turns spent in this place.
 D = Turns resting spent in this place as a percentage of non-inter-level travel turns spent in this place.
 E = Turns spent auto-exploring this place as a percentage of non-inter-level travel turns spent in this place.
 F = Non-inter-level travel turns spent in this place divided by the number of levels of this place that you've seen.
                   A       B       C       D       E      F
               +-------+-------+-------+-------+-------+----------------------
         Total | 100.0 | 100.0 |   0.0 |   0.0 |   0.0 |  73.2
       Dungeon | 100.0 | 100.0 |   0.0 |   0.0 |   0.0 |  73.2
               +-------+-------+-------+-------+-------+----------------------

Table legend:
 A = Kills in this place as a percentage of kills in entire the game.
 B = Kills by you in this place as a percentage of kills by you in the entire game.
 C = Kills by friends in this place as a percentage of kills by friends in the entire game.
 D = Other kills in this place as a percentage of other kills in the entire game.
 E = Experience gained in this place as a percentage of experience gained in the entire game.
 F = Experience gained in this place divided by the number of levels of this place that you have seen.
                   A       B       C       D       E      F
               +-------+-------+-------+-------+-------+----------------------
         Total | 100.0 | 100.0 | 100.0 |   N/A | 100.0 |  52.2
       Dungeon | 100.0 | 100.0 | 100.0 |   N/A | 100.0 |  52.2
               +-------+-------+-------+-------+-------+----------------------

Vault maps used:
D:1:      dpeg_arrival_subterranean_lakeside_camping
D:2:      nemelex_xobeh_ov_fountains_minmay, nicolae_overflow_crystal_walls,
          tgw_trog, first_ration, uniq_jessica, uniq_terence
D:3:      uniq_natasha, uniq_robin, uniq_crazy_yiuf_cottage
D:4:      old_standard_altar, hangedman_decor_lopped, uniq_edmund
